 Dungeon Crawl Stone Soup version 0.20.1-1-g8b1a95d (webtiles) character file.

30 BingusPrime the Ducker (level 3, 35/35 HPs)
             Began as a Troll Warper on Nov 27, 2017.
             Quit the game on level 1 of the Dungeon.
             The game lasted 00:04:53 (299 turns).

BingusPrime the Ducker (Troll Warper)                Turns: 299, Time: 00:04:53

Health: 35/35      AC:  5    Str: 19    XL:     3   Next: 5%
Magic:  4/4        EV: 10    Int: 10    God:
Gold:   16         SH:  0    Dex:  9    Spells: 3/5 levels left

rFire    + . .     SeeInvis .     - Unarmed
rCold    x . .     Gourm    +   (no shield)
rNeg     . . .     Faith    .   a - +0 robe
rPois    .         Spirit   .   (helmet restricted)
rElec    .         Reflect  .   (no cloak)
rCorr    .         Harm     .   (gloves unavailable)
MR       +....                  (boots unavailable)
Stlth    +.........             (no amulet)
Regen    0.6/turn               h - ring of protection from magic
MPRegen  0.1/turn               i - ring of fire

@: no status effects
A: unfitting armour, claws 3, fast metabolism 3, gourmand, regeneration 1,
shaggy fur 1, tough skin 2
a: no special abilities


You were on level 1 of the Dungeon.
You were very full.

You visited 1 branch of the dungeon, and saw 1 of its levels.

You collected 16 gold pieces.

Inventory:

Missiles
 d - 5 tomahawks of dispersal (quivered)
Armour
 a - a +0 robe (worn)
Jewellery
 h - a ring of protection from magic (left claw)
 i - a ring of fire (right claw)
Scrolls
 c - a scroll of blinking
Potions
 e - 2 potions of heal wounds
Books
 b - a book of Spatial Translocations

   Spells                             Type                      Level
   a - Blink                          Translocation                2
   b - Shroud of Golubria             Charms/Translocation         2
   c - Lesser Beckoning               Translocation                3
   d - Gell's Gravitas                Translocation                3
   e - Teleport Other                 Translocation                3
   f - Passage of Golubria            Translocation                4
Comestibles
 f - 2 bread rations
 g - a fruit


   Skills:
 + Level 1.7 Fighting
 + Level 0.8 Throwing
 + Level 2.4 Dodging
 + Level 2.3 Unarmed Combat
 + Level 1.5 Spellcasting
 + Level 2.1 Translocations


You had 3 spell levels left.
You knew the following spells:

 Your Spells              Type           Power        Failure   Level  Hunger
a - Blink                 Tloc           N/A          21%         2    ###....


Dungeon Overview and Level Annotations

Branches:
Dungeon (1/15)

Altars:


Innate Abilities, Weirdness & Mutations

You are too large for most types of armour.
You have claws for hands.
Your metabolism is lightning-fast.
You like to eat raw meat.
Your natural rate of healing is unusually fast.
You are covered in fur. (AC +1)
You have very tough skin. (AC +2)


Message History

You kill the kobold!
You have reached level 3!
Your experience leads to an increase in your attributes!
Increase (S)trength, (I)ntelligence, or (D)exterity?
You feel clever.
You feel stronger.
The kobold throws a stone.
The stone hits you.
A rat comes into view.
The kobold barely misses you.
Items here: ( ) †† a dagger; 4 stones; a kobold corpse; a rat corpse You scratch the kobold.
You kill the kobold!
You closely miss the rat. The rat barely misses you.
You closely miss the rat. The rat bites you.
You completely miss the rat. The rat barely misses you.
You claw the rat!
You kill the rat!
e - 3 sedimented golden potions (gained 1) It was a potion of heal wounds.
You feel much better.
Are you sure you want to abandon this character and quit the game? (Confirm with "yes".)

.#....# ≈≈≈≈8≈≈≈≈
##.##..#) ###.....
≈≈≈≈≈8≈≈≈♣ ##..###...
.#.#.. ♣♣♣≈≈≈≈♣♣♣ #..##
##.. ...##.
#####################.
..... #... .........
....###..# ###......
#..#..#######......
.#.####...##............
.......@..)(.###########
##........#### #.
#..##....# #. ... #....#
#. . #....# #. #....# #.
#....# ## #....# #. #.


There were no monsters in sight!

Vanquished Creatures
  2 leopard geckos (D:1)
  3 giant cockroaches (D:1)
  2 goblins (D:1)
  3 hobgoblins (D:1)
  2 bats (D:1)
  3 frilled lizards (D:1)
  5 kobolds (D:1)
  9 rats (D:1)
29 creatures vanquished.

Notes
Turn   | Place    | Note
-------+----------+-------------------------------------------
     0 | D:1      | BingusPrime the Troll Warper began the quest for the Orb.
     0 | D:1      | Reached XP level 1. HP: 19/19 MP: 1/1
    80 | D:1      | Reached XP level 2. HP: 26/28 MP: 3/3
    87 | D:1      | Learned a level 2 spell: Blink
   287 | D:1      | Reached XP level 3. HP: 35/35 MP: 4/4
   299 | D:1      | Quit the game

Skill      XL: |  1 |
---------------+----+-----
Dodging        | 2 |  2.4
Fighting       | |  1.7
Throwing       | |  0.8
Unarmed Combat | |  2.3
Spellcasting   | |  1.5
Translocations | |  2.1

Action                   || total
-------------------------++-------
Melee: Unarmed           ||    90
 Cast: Blink             ||     5
  Use: Scroll            ||     1
       Potion            ||     1
  Eat: Chunk             ||     7
Armor: Robe              ||    43
Dodge: Dodged            ||    51
